AoeStats
← Faviid

Highland

505157377Analyzed
4v4 RM · 23d ago on Sep 8, 2026· 43m 3s· 8 players
Game mode
Random Map
Map size
Large (8 player)
Population
200
Speed
Normal
Resources
Standard
Victory
Conquest
Starting age
Dark Age
Ending age
Imperial Age
RankedLock teamsTeams togetherTeam positionsShared explorationLock speedFull tech treeHidden civsTurbo modeCheats
Victory
Defeat
🇺🇸 Spanish · United States
984
+11
🇦🇷 Koreans · Argentina
941
+12
🇨🇱 Magyars · Chile
908
+14
🇺🇸 Franks · United States
896
+14
🇩🇪 Spanish · Germany
911
-24
🇩🇪 Magyars · Germany
908
-15
🇩🇪 Persians · Germany
903
-14
🇩🇪 Cumans · Germany
717
-8
Dsaidm
6:52 Loom
11:22 Feudal Age
17:11 Castle Age
15:07 Double-Bit Axe
15:56 Horse Collar
16:19 Stone Mining
18:49 Wheelbarrow
21:34 Bow Saw
22:04 Heavy Plow
25:29 Hand Cart
25:23 Gold Mining
28:20 Corvinian Army
29:52 Gold Shaft Mining
29:38 Fletching
29:53 Scale Barding Armor
33:30 Imperial Age
31:37 Town Watch
31:49 Bodkin Arrow
31:54 Padded Archer Armor
32:31 Ballistics
31:44 Elite Skirmisher
32:31 Thumb Ring
33:39 Town Patrol
33:58 Leather Archer Armor
34:03 Chain Barding Armor
36:33 Ring Archer Armor
37:02 Bloodlines
36:53 Husbandry
37:30 Plate Barding Armor
36:55 Bracer
37:57 Recurve Bow
39:04 Heavy Cavalry Archer
39:58 Elite Magyar Huszar
41:41 Chemistry
wild
0:26 Loom
10:18 Feudal Age
15:42 Castle Age
13:51 Double-Bit Axe
16:14 Wheelbarrow
18:33 Town Watch
18:42 Gold Mining
18:46 Stone Mining
26:57 Gold Shaft Mining
33:18 Imperial Age
31:32 Caravan
33:45 Hand Cart
34:00 Bow Saw
34:24 Conscription
34:24 Forging
34:20 Scale Barding Armor
34:18 Town Patrol
33:51 Cavalier
34:32 Husbandry
35:31 Fortified Wall
35:35 Paladin
36:26 Chivalry
38:03 Squires
37:49 Gambesons
39:29 Iron Casting
39:15 Chain Barding Armor
38:46 Fletching
39:00 Scale Mail Armor
41:24 Hoardings
43:44 Blast Furnace
43:26 Plate Barding Armor
CovertSpy
4:00 Loom
10:59 Feudal Age
11:44 Double-Bit Axe
12:27 Horse Collar
14:08 Gold Mining
20:35 Castle Age
21:50 Town Watch
23:12 Medium Warships
24:18 Fletching
25:37 Bloodlines
25:27 Husbandry
28:06 Bow Saw
29:06 Forging
28:57 Scale Mail Armor
33:25 Wheelbarrow
35:04 Husbandry
36:25 Fortified Wall
36:14 Bodkin Arrow
36:19 Padded Archer Armor
39:00 Imperial Age
37:05 Murder Holes
37:31 Ballistics
38:00 Hand Cart
39:05 Town Patrol
40:07 Conscription
41:50 Chemistry
41:39 Hoardings
41:32 Caravan
Cartucho
7:25 Loom
10:12 Feudal Age
10:39 Double-Bit Axe
16:53 Castle Age
15:00 Fletching
16:31 Horse Collar
16:55 Gold Mining
19:02 Elite Skirmisher
20:55 Bow Saw
26:30 Heavy Plow
28:06 Wheelbarrow
27:22 Town Watch
31:34 Imperial Age
29:09 Bodkin Arrow
29:56 Gold Shaft Mining
30:11 Hand Cart
31:01 Thumb Ring
32:01 Stone Mining
33:16 Two-Man Saw
33:40 Chemistry
33:02 Ballistics
32:48 Siege Engineers
33:48 Town Patrol
33:57 Bracer
37:08 Conscription
37:11 Shinkichon
36:53 Eupseong
38:07 Coinage
37:47 Guilds
37:38 Caravan
40:09 Elite War Wagon
Faviid
11:25 Feudal Age
13:30 Wheelbarrow
18:10 Double-Bit Axe
20:49 Castle Age
19:58 Double-Bit Axe
20:30 Horse Collar
20:45 Fletching
21:37 Crossbowman
23:54 Bow Saw
24:27 Bodkin Arrow
26:53 Thumb Ring
27:49 Gold Mining
27:49 Stone Mining
30:44 Gold Shaft Mining
32:42 Padded Archer Armor
33:38 Hand Cart
33:47 Steppe Husbandry
34:30 Heavy Plow
39:11 Imperial Age
37:45 Bloodlines
39:31 Elite Kipchak
40:49 Leather Archer Armor
43:03 Two-Man Saw
[RBG] | DuCtRiXx
12:32 Feudal Age
16:27 Double-Bit Axe
17:46 Fishing Lines
19:28 Wheelbarrow
24:36 Castle Age
22:52 Forging
22:44 Padded Archer Armor
22:47 Stone Mining
22:47 Gold Mining
22:53 Gold Mining
27:59 Gillnets
29:19 Hand Cart
29:51 Bow Saw
32:03 Iron Casting
35:43 Imperial Age
eXacT
10:40 Feudal Age
12:53 Double-Bit Axe
12:49 Horse Collar
14:30 Bloodlines
15:47 Gold Mining
19:47 Castle Age
18:10 Stone Mining
18:47 Fletching
19:23 Scale Barding Armor
19:41 Padded Archer Armor
20:38 Bow Saw
21:59 Thumb Ring
25:05 Gold Shaft Mining
24:51 Treadmill Crane
27:00 Bodkin Arrow
28:12 Corvinian Army
30:14 Wheelbarrow
29:24 Loom
29:25 Town Watch
30:48 Ballistics
30:38 Masonry
30:28 Murder Holes
32:40 Hand Cart
34:58 Imperial Age
32:50 Leather Archer Armor
34:18 Chain Barding Armor
36:07 Conscription
35:31 Elite Magyar Huszar
36:25 Recurve Bow
36:45 Conscription
38:05 Hoardings
39:08 Chemistry
38:19 Masonry
38:46 Plate Barding Armor
37:34 Elite Skirmisher
39:52 Bracer
40:23 Ring Archer Armor
39:57 Husbandry
41:40 Parthian Tactics
40:35 Heavy Cavalry Archer
41:53 Hand Cart
41:53 Scale Mail Armor
^knowing.
5:04 Loom
10:21 Feudal Age
11:49 Wheelbarrow
17:57 Castle Age
16:28 Double-Bit Axe
20:02 Bow Saw
21:53 Hand Cart
30:46 Horse Collar
39:49 Imperial Age
38:01 Ballistics
38:00 Masonry
41:01 Citadels
43:50 Chemistry
43:21 Architecture
Connection lost

Rejoining the realm…

Still unreachable

The connection could not be restored.

Session expired

The server has moved on; the page needs a fresh start.